 Dungeon Crawl Stone Soup version 0.31-a0-354-g827e0957a7 (webtiles) character file.

Game seed: 463351509645643623

4028 Pooter the Grappler (level 10, -3/96 HPs)
             Began as a Troll Fighter on July 23, 2023.
             Was an Elder of Okawaru.
             Slain by a yak (16 damage)
             ... on level 8 of the Dungeon on July 24, 2023.
             The game lasted 00:31:41 (4923 turns).

Pooter the Grappler (Troll Fighter)                 Turns: 4923, Time: 00:31:41

Health: -3/96      AC:  5    Str: 30    XL:     10   Next: 4%
Magic:  11/12      EV: 10    Int:  4    God:    Okawaru [****..]
Gold:   163        SH:  0    Dex:  9    Spells: 5/9 levels left

rFire   + .          .
                       - Unarmed
rCold   . . .        (no shield)
rNeg    . . .        a - +0 robe
rPois   .            (helmet restricted)
rElec   .            v - +0 cloak
rCorr   .            (gloves unavailable)
SInv    +            (boots unavailable)
Will    .....        (no amulet)
Stlth   +            S - ring of see invisible
HPRegen 1.16/turn    F - ring of protection from fire
MPRegen 0.13/turn

%: no passive effects
@: mighty
A: large, unfitting armour, claws 3, regeneration 1, shaggy fur 1, tough skin 1
a: Renounce Religion, Heroism, Finesse


You were on level 8 of the Dungeon.
You worshipped Okawaru.
Okawaru was greatly pleased with you.
You visited 1 branch of the dungeon, and saw 8 of its levels.
You also visited: Sewer.

You collected 371 gold pieces.
You spent 208 gold pieces at shops.

Inventory:

Hand Weapons
 b - a +1 arbalest
   (You found it on level 7 of the Dungeon)
 d - a +0 whip of venom
   (You took it off a kobold on level 2 of the Dungeon)
 f - a +3 scythe of freezing
   (You took it off Sigmund on level 2 of the Dungeon)
 m - a +3 trident of protection
   (You took it off Terence on level 2 of the Dungeon)
 B - a +0 whip of flaming
   (You took it off Pikel on level 5 of the Dungeon)
 H - a +2 war axe of freezing
   (You took it off an orc on level 6 of the Dungeon)
 I - a +0 morningstar
   (You took it off an orc on level 6 of the Dungeon)
Missiles
 y - 10 poisoned darts (quivered)
 A - 2 throwing nets {!f}
 K - a curare-tipped dart
 Q - 80 stones
Armour
 a - a +0 robe (worn)
 k - a +0 kite shield
 v - a +0 cloak (worn)
   (You found it on level 4 of the Dungeon)
Jewellery
 l - an amulet of magic regeneration
   (You found it on level 2 of the Dungeon)
 C - a ring of resist corrosion
   (You found it on level 2 of the Dungeon)
 F - a ring of protection from fire (right claw)
   (You found it on level 8 of the Dungeon)
 S - a ring of see invisible (left claw)
   (You found it on level 1 of the Dungeon)
Wands
 u - a wand of paralysis (15)
   (You found it on level 7 of the Dungeon)
 D - a wand of roots (8)
   (You found it on level 6 of the Dungeon)
Scrolls
 e - a scroll of noise {!r}
 g - 2 scrolls of vulnerability {!r}
 n - 2 scrolls of fog
 t - 3 scrolls of teleportation {@r4}
 w - 2 scrolls of poison {!r}
 G - a scroll of blinking
Potions
 h - 2 potions of haste {unknown}
 i - a potion of ambrosia {unknown}
 o - 2 potions of brilliance {unknown}
 p - 3 potions of curing {@q1}
 r - 3 potions of heal wounds {@q2}
 x - 2 potions of lignification {unknown}
 z - a potion of attraction {!q}
 E - a potion of mutation {unknown}
 J - a potion of cancellation {unknown}


   Skills:
 + Level 5.5 Fighting
 * Level 4.9 Ranged Weapons
 - Level 2.4 Dodging
 - Level 3.7 Shields
 * Level 8.5 Unarmed Combat
 + Level 3.4 Translocations
 + Level 4.0 Invocations


You had 5 spell levels left.
You knew the following spells:

 Your Spells              Type           Power      Damage    Failure   Level
a - Lesser Beckoning      Tloc           4%         N/A       22%         2
b - Blink                 Tloc           4%         N/A       22%         2

Your spell library contained the following spells:

 Spells                   Type           Power      Damage    Failure   Level
 Momentum Strike          Conj/Tloc      2%         3d8       41%         2
 Portal Projectile        Hex/Tloc       2%         N/A       65%         3
 Manifold Assault         Tloc           2%         N/A       82%         4
 Hailstorm                Conj/Ice       0%         3d3       86%         3
 Iskenderun's Mystic Bla  Conj/Tloc      1%         2d3       96%         4
 Flame Wave               Conj/Fire      0%         2d4       99%         4
 Yara's Violent Unravell  Hex/Tmut       0%         3d3       100%        5
 Dispersal                Tloc           1%         N/A       100%        6
 Orb of Destruction       Conj           0%         9d5       100%        7
 Disjunction              Tloc           1%         N/A       100%        8
 Tukima's Dance           Hex            Unusable   N/A       N/A         3
 Animate Dead             Necr           Unusable   N/A       N/A         4
 Haunt                    Necr/Summ      Unusable   N/A       N/A         7
 Infestation              Necr           Unusable   N/A       N/A         8

Dungeon Overview and Level Annotations

Branches:
Dungeon (8/15) Zot: 26718  Temple (0/1) D:7           Sewer (visited)
   Lair: D:8-11

Altars:
Cheibriados
Fedhas
Hepliaklqana
Okawaru
Trog
Vehumet
Wu Jian

Shops:
D:5 :!:(   D:7 *


Innate Abilities, Weirdness & Mutations

You are too large for most types of armour.
You have claws for hands.
Your natural rate of healing is unusually fast.
You are covered in fur. (AC +1)
You have tough skin. (AC +1)


Message History

A yak comes into view.
You are now empty-clawed.
The yak bellows!
You claw the yak! The yak gores you!
You mangle the yak!! The yak barely misses you.
You scratch the yak. The yak gores you!
You mangle the yak!!
You kill the yak!
Okawaru accepts your kill.
You mangle the yak!!
You kill the yak!
Okawaru accepts your kill. The yak gores you!
* * * LOW HITPOINT WARNING * * *
You see here a yak corpse.
You claw the yak! You claw the yak. The yak gores you but does no damage.
You claw the yak! The yak gores you.
* * * LOW HITPOINT WARNING * * *
You claw the yak!
You kill the yak!
Okawaru accepts your kill.
You can now speed up your combat.
You scratch the yak. The yak gores you.
* * * LOW HITPOINT WARNING * * *
You claw the yak! You mangle the yak!! The yak gores you!
* * * LOW HITPOINT WARNING * * *
You mangle the yak!!
You kill the yak!
Okawaru accepts your kill.
You claw the yak! The yak gores you!
* * * LOW HITPOINT WARNING * * *
You barely miss the yak. The yak gores you but does no damage.
You scratch the yak. The yak gores you but does no damage.
You scratch the yak but do no damage. You mangle the yak!! The yak gores you.
* * * LOW HITPOINT WARNING * * *
You claw the yak!
You kill the yak!
Okawaru accepts your kill.
You have reached level 10!
You claw the yak! The yak gores you.
* * * LOW HITPOINT WARNING * * *
You mangle the yak!! The yak gores you!
* * * LOW HITPOINT WARNING * * *
You mangle the yak!!
You kill the yak!
Okawaru accepts your kill.
Your Invocations skill increases to level 4!
You claw the yak! The yak gores you!
You die...

. ### ..#####.. .......#
#..#.######...
#....@YY..... #
......#.######... .####
#[#### #....## ####..#
##.# ######### #.##
#.......# #..#
#.......###########.####


You could see 2 yaks.

Vanquished Creatures
  Pikel (D:5)
  Grinder (D:6)
  Sigmund (D:2)
  6 yaks (D:8)
  A steam dragon (D:6)
  Pargi (Sewer)
  A sky beast (D:6)
  3 ogres
  A centaur (D:7)
  2 phantoms
  A kobold brigand (D:8)
  4 bullfrogs
  4 scorpions
  3 wights (D:7)
  4 howler monkeys
  5 hounds
  2 jellies
  An orc priest (D:7)
  3 iguanas
  A sleepcap (D:6)
  Terence (D:2)
  3 orc wizards
  2 gnolls (D:4)
  12 adders
  A shadow imp (D:6)
  2 ufetubi
  3 worms
  3 dart slugs
  10 orcs
  4 bats
  6 endoplasms
  3 giant cockroaches
  A goblin (D:1)
  6 hobgoblins
  7 jackals
  5 quokkas
  5 ball pythons
  4 frilled lizards
  14 kobolds
  4 rats
142 creatures vanquished.

Notes
Turn   | Place    | Note
-------+----------+-------------------------------------------
     0 | D:1      | Pooter the Troll Fighter began the quest for the Orb.
     0 | D:1      | Reached XP level 1. HP: 22/22 MP: 0/0
   274 | D:1      | Found a faded altar of an unknown god.
   481 | D:1      | Reached XP level 2. HP: 29/29 MP: 1/1
   720 | D:2      | Got Sif Muna's Secrets of Hapless Bolts
   721 | D:2      | Noticed Sigmund
   732 | D:2      | Killed Sigmund
   733 | D:2      | Reached skill level 4 in Unarmed Combat
   733 | D:2      | Reached XP level 3. HP: 12/37 MP: 2/2
   733 | D:2      | Reached XP level 4. HP: 15/45 MP: 3/3
   733 | D:2      | Reached XP level 5. HP: 17/53 MP: 4/4
   841 | D:2      | Noticed Terence
   856 | D:2      | Killed Terence
  1180 | D:3      | Reached XP level 6. HP: 60/61 MP: 5/5
  1191 | D:3      | Upgraded the game from 0.31-a0-345-g1ebeae05c6 to
                  | 0.31-a0-354-g827e0957a7
  1573 | D:3      | Found an ornate altar of the Wu Jian Council.
  1714 | D:3      | Reached skill level 1 in Ranged Weapons
  1899 | D:4      | Reached skill level 5 in Unarmed Combat
  2001 | D:4      | Reached XP level 7. HP: 66/68 MP: 6/6
  2055 | D:4      | Found an iron altar of Okawaru.
  2066 | D:4      | Became a worshipper of Warmaster Okawaru
  2092 | D:4      | Found a radiant altar of Vehumet.
  2092 | D:4      | Found a bloodstained altar of Trog.
  2293 | D:4      | Learned a level 2 spell: Blink
  2296 | D:4      | Learned a level 2 spell: Lesser Beckoning
  2557 | D:5      | Entered Level 5 of the Dungeon
  2654 | D:5      | Found the +7 lajatang of Order {silver, rMut}
  2658 | D:5      | Found Pesyw Wao's Distillery.
  2664 | D:5      | Found Voalat's Book Shoppe.
  2745 | D:5      | Bought a potion of might for 52 gold pieces
  2745 | D:5      | Bought a potion of attraction for 39 gold pieces
  2745 | D:5      | Bought a potion of curing for 39 gold pieces
  2745 | D:5      | Bought a potion of berserk rage for 65 gold pieces
  2745 | D:5      | Bought a potion of degeneration for 13 gold pieces
  2768 | D:5      | Found a blossoming altar of Fedhas.
  2802 | D:5      | Reached skill level 1 in Invocations
  2846 | D:5      | Found Gisi's Antique Weapon Shop.
  2857 | D:5      | Found Culiut's Book Shop.
  2862 | D:5      | Reached * piety under Okawaru
  2863 | D:5      | Reached skill level 1 in Translocations
  2898 | D:5      | Reached skill level 6 in Unarmed Combat
  3109 | D:5      | Noticed Pikel
  3122 | D:5      | Killed Pikel
  3122 | D:5      | Reached ** piety under Okawaru
  3123 | D:5      | Reached XP level 8. HP: 19/79 MP: 8/8
  3329 | D:6      | Noticed Grinder
  3329 | D:6      | Paralysed by Grinder for 5 turns
  3337 | D:6      | Killed Grinder
  3338 | D:6      | Reached skill level 7 in Unarmed Combat
  3362 | D:6      | Reached *** piety under Okawaru
  3383 | D:6      | Found a glowing drain.
  3398 | D:6      | Reached XP level 9. HP: 18/87 MP: 10/10
  3407 | D:6      | HP: 6/130 [worm (7)]
  3473 | Sewer    | Entered a sewer
  3497 | Sewer    | Noticed Pargi
  3503 | Sewer    | Killed Pargi
  3535 | Sewer    | Identified the +0 quarterstaff of Superiority {pain, Dex+2}
  3984 | D:6      | Reached skill level 5 in Fighting
  4134 | D:7      | Found a hazy altar of Hepliaklqana.
  4153 | D:7      | Found a staircase to the Ecumenical Temple.
  4430 | D:7      | Found Ynlinaurr's Assorted Antiques.
  4461 | D:7      | Reached skill level 8 in Unarmed Combat
  4534 | D:7      | Found a snail-covered altar of Cheibriados.
  4909 | D:8      | Reached **** piety under Okawaru
  4920 | D:8      | Reached XP level 10. HP: 25/96 MP: 11/11
  4923 | D:8      | Slain by a yak

Illustrated notes

Levels and vault maps discovered:
D:1:      dpeg_arrival_short_road, layout_basic, basic_ecumenical_altar,
          hangedman_decor_peaks_small, due_unseen_surprise
D:2:      layout_rooms, uniq_terence, uniq_sigmund
D:3:      layout_loops_ring, nicolae_overflow_crystal_walls
D:4:      layout_basic, chequers_temple_overflow_statue_of_worship,
          okawaru_altar_gauntlet_db, guppyfry_early_lair_pool
D:5:      layout_rooms, mainiacjoe_overflow_24_doors, serial_shops,
          nicolae_shop_tiny_waterfront, nicolae_shop_rolling_square, shop, shop,
          uniq_pikel
D:6:      layout_loops_cross, cheibrodos_sewer_entry_sluice, minivault_11,
          uniq_grinder
D:7:      layout_rooms, mainiacjoe_overflow_large_starburst,
          minmay_temple_entry_gardened_gates, serial_shops,
          nicolae_shop_waterfront
D:8:      layout_rooms, gammafunk_temple_overflow_statue

Skill      XL: |  1  2  3  4  5  6  7  8  9 10 |
---------------+-------------------------------+-----
Fighting       | 3 4 5 |  5.5
Shields        | 3 |  3.7
Unarmed Combat | 4 5 6 7 8 |  8.5
Ranged Weapons | 1 3 4 |  4.9
Invocations    | 2 3 4 |  4.0
Translocations | 1 2 3 |  3.4
Dodging        | |  2.4

Action                     |  1- 3 |  4- 6 |  7- 9 | 10-12 || total
---------------------------+-------+-------+-------+-------++-------
  Melee: Unarmed           |    51 |    97 |   208 |     4 ||   360
         Punch             |       |       |     7 |       ||     7
   Fire: Orcbow            |       |    46 |    28 |       ||    74
         Arbalest          |       |       |    20 |       ||    20
  Throw: Stone             |       |     1 |     1 |       ||     2
         Dart              |       |       |     1 |       ||     1
 Invoke: Heroism           |       |       |     1 |       ||     1
  Evoke: Wand              |       |       |     1 |       ||     1
    Use: Scroll            |     4 |       |    10 |       ||    14
         Potion            |     1 |       |     4 |       ||     5
   Stab: Sleeping          |       |       |     1 |       ||     1
 Armour: Robe              |    24 |    27 |    64 |       ||   115
  Dodge: Dodged            |    23 |    32 |    84 |       ||   139
  Block: Kite shield       |    22 |    32 |       |       ||    54

Table legend: (Time is in decaauts)
 A = Elapsed time spent in this place.
 B = Non-inter-level travel time spent in this place.
 C = Inter-level travel time spent in this place.
 D = Time resting spent in this place.
 E = Time spent auto-exploring this place.
 F = Levels seen in this place.
 G = Mean time per level.
                   A        B        C        D        E       F      G
               +--------+--------+--------+--------+--------+-----+--------+
         Total |   4928 |   4785 |    143 |    328 |   3248 |   9 |  547.6 |
       Dungeon |   4769 |   4626 |    143 |    328 |   3161 |   8 |  596.1 |
         Sewer |    159 |    159 |      0 |      0 |     87 |   1 |  159.0 |
               +--------+--------+--------+--------+--------+-----+--------+

Top non-repeatable levels by time:
     D:6: 860 daAuts
     D:4: 727 daAuts
     D:3: 715 daAuts
     D:1: 677 daAuts
     D:5: 671 daAuts
     D:2: 445 daAuts
     D:7: 390 daAuts
     D:8: 281 daAuts
   Sewer: 159 daAuts
